 Dungeon Crawl Stone Soup version 0.30.0-29-ga12c61a403 (webtiles) character file.

Game seed: 14425733124751079996

8 Sabo the Firebug (level 2, -3/20 HPs)
             Began as a Draconian Fire Elementalist on June 12, 2023.
             Frozen to death by an endoplasm (5 damage)
             ... on level 1 of the Dungeon.
             The game lasted 00:02:15 (402 turns).

Sabo the Firebug (Draconian Fire Elementalist)       Turns: 402, Time: 00:02:15

Health: -3/20      AC:  6    Str: 10    XL:     2   Next: 0%
Magic:  2/5        EV: 12    Int: 15    God:
Gold:   5          SH:  0    Dex: 11    Spells: 4/5 levels left

rFire   . . .        (no weapon)
rCold   . . .        (no shield)
rNeg    . . .        (body armour unavailable)
rPois   .            (helmet restricted)
rElec   .            (no cloak)
rCorr   .            (no gloves)
SInv    .            d - +1 pair of boots
Will    .....        (no amulet)
Stlth   ++           (no ring)
HPRegen 0.23/turn    (no ring)
MPRegen 0.09/turn

%: no passive effects
@: slowed, very slow
A: AC +4, unfitting armour, cold-blooded
a: no special abilities


You were on level 1 of the Dungeon.
You visited 1 branch of the dungeon, and saw 1 of its levels.

You collected 5 gold pieces.

Inventory:

Armour
 d - a +1 pair of boots (worn)
Scrolls
 b - a scroll of identify {unknown}
 f - a scroll of vulnerability {unknown}
Potions
 a - a potion of magic
 c - a potion of degeneration {unknown}
 e - a potion of mutation {unknown}


   Skills:
 + Level 2.1 Dodging
 + Level 1.8 Stealth
 + Level 2.1 Spellcasting
 + Level 1.0 Conjurations
 + Level 3.2 Fire Magic


You had 4 spell levels left.
You knew the following spells:

 Your Spells              Type           Power      Damage    Failure   Level
a - Foxfire               Conj/Fire      28%        2x1d5     10%         1

Your spell library contained the following spells:

 Spells                   Type           Power      Damage    Failure   Level
 Scorch                   Fire           22%        2d5       9%          2
 Inner Flame              Hex/Fire       6%         N/A       34%         3
 Volatile Blastmotes      Fire/Tloc      12%        2d11      34%         3
 Flame Wave               Conj/Fire      7%         2d5       67%         4


Dungeon Overview and Level Annotations

Branches:
Dungeon (1/15)

Altars:


Innate Abilities, Weirdness & Mutations

Your plain brown scales are hard. (AC +4)
You cannot fit into any form of body armour.
You are cold-blooded and may be slowed by cold attacks.


Message History

The goblin hits you but does no damage.
You closely miss the goblin.
The goblin is moderately wounded.
The goblin hits you with a +0 club.
You hit the goblin.
You kill the goblin!
You have reached level 2!
You completely miss the endoplasm. The endoplasm barely misses you.
You hit the endoplasm but do no damage. The endoplasm barely misses you.
You hit the endoplasm.
You tail-slap the endoplasm, but do no damage.
You punch the endoplasm, but do no damage.
The endoplasm is heavily wounded.
The endoplasm closely misses you.
You hit the endoplasm but do no damage.
The endoplasm is heavily wounded.
The endoplasm freezes you.
You are frozen.
You hit the endoplasm but do no damage.
The endoplasm is heavily wounded.
The endoplasm hits you.
You barely miss the endoplasm.
The endoplasm is heavily wounded.
The endoplasm hits you.
You hit the endoplasm but do no damage.
The endoplasm is heavily wounded.
The endoplasm freezes you.
You are frozen.
* * * LOW HITPOINT WARNING * * *
You feel yourself slow down.
You hit the endoplasm but do no damage.
The endoplasm is heavily wounded.
The endoplasm hits you.
* * * LOW HITPOINT WARNING * * *
You hit the endoplasm.
You tail-slap the endoplasm, but do no damage.
The endoplasm is severely wounded.
The endoplasm freezes you.
You are frozen.
You die...

###### ....# ##### #..#
#.>.###########
####..###.............####
#.............#######....†
#...†.J.......# #.....
..........##.###.# #.####
..........##J# #.# #[####
..##...#..##@# #.# #.....
. #...#..##.# #.# #..###
........##.# #.#######.##
.........#.# #.........#
###. #.# #####.#.### #.#
#...# #.# #.#.# #.# .....#
#.# .##.###


You could see an endoplasm.

Vanquished Creatures
  2 bats (D:1)
  2 hobgoblins (D:1)
  A quokka (D:1)
  A ball python (D:1)
  A goblin (D:1)
7 creatures vanquished.

Vanquished Creatures (others)
  13 foxfires (D:1)
13 creatures vanquished.

Grand Total: 20 creatures vanquished

Notes
Turn   | Place    | Note
-------+----------+-------------------------------------------
     0 | D:1      | Sabo the Draconian Fire Elementalist began the quest for
                  | the Orb.
     0 | D:1      | Reached XP level 1. HP: 14/14 MP: 3/3
   394 | D:1      | Reached XP level 2. HP: 16/20 MP: 1/5
   402 | D:1      | Frozen to death by an endoplasm

Illustrated notes

Levels and vault maps discovered:
D:1:      dpeg_arrival_simpleton_a, layout_loops_ring

Skill      XL: |  1 |
---------------+----+-----
Dodging        | 2 |  2.1
Stealth        | |  1.8
Spellcasting   | |  2.1
Conjurations   | |  1.0
Fire Magic     | |  3.2

Action                     || total
---------------------------++-------
  Melee: Unarmed           ||    19
         Tailslap          ||     3
         Punch             ||     1
   Cast: Foxfire           ||     8
 Armour: Skin              ||     9
  Dodge: Dodged            ||    20
